 Dungeon Crawl Stone Soup version 0.30-a0-1114-gd936c97349 (webtiles) character file.

Game seed: 16829258523640494788

34 IdlyInterested the Trooper (level 3, -3/29 HPs)
             Began as a Demonspawn Fighter on Apr 20, 2023.
             Slain by a worm (5 damage)
             ... on level 1 of the Dungeon.
             The game lasted 00:02:49 (1001 turns).

IdlyInterested the Trooper (Demonspawn Fighter)     Turns: 1001, Time: 00:02:50

Health: -3/29      AC:  6    Str: 22    XL:     3   Next: 14%
Magic:  3/3        EV:  9    Int:  9    God:
Gold:   51         SH:  4    Dex: 14    Spells: 2/2 levels left

rFire   . . .      SeeInvis .      - Unarmed
rCold   . . .      Faith    .    b - +0 buckler
rNeg    . . .      Spirit   .    a - +0 scale mail
rPois   .          Reflect  .    (no helmet)
rElec   .          Rampage  .    (no cloak)
rCorr   .                        (no gloves)
Will    .....                    (no boots) Stlth
                                 (no amulet)
HPRegen 0.24/turn                n - +6 ring of strength
MPRegen 0.08/turn                (no ring)

@: flying
A: powered by pain 1
a: no special abilities


You were on level 1 of the Dungeon.
You visited 1 branch of the dungeon, and saw 1 of its levels.

You collected 51 gold pieces.

Inventory:

Hand Weapons
 d - a +0 spear
Missiles
 h - 8 stones (quivered)
 i - 6 poisoned darts
 j - 9 boomerangs
Armour
 a - a +0 scale mail (worn)
 b - a +0 buckler (worn)
 m - a +0 chain mail
Jewellery
 n - a +6 ring of strength (left hand)
Scrolls
 f - 3 scrolls of identify {unknown}
 k - a scroll of magic mapping {unknown}
 l - a scroll of fog {unknown}
Potions
 c - a potion of might
 g - a potion of attraction {unknown}
 o - a potion of curing {unknown}


   Skills:
 + Level 3.4 Fighting
 - Level 2.6 Armour
 - Level 2.6 Shields
 * Level 2.9 Unarmed Combat


You had 2 spell levels left.
You didn't know any spells.
Your spell library was empty.

Dungeon Overview and Level Annotations

Branches:
Dungeon (1/15)

Altars:

Shops:
D:1 :


Innate Abilities, Weirdness & Mutations

You sometimes gain a little power by taking damage.


Message History

You hit the endoplasm.
The endoplasm is almost dead.
The endoplasm hits you but does no damage.
You hit the endoplasm but do no damage.
The endoplasm is almost dead.
The endoplasm hits you but does no damage.
You hit the endoplasm.
You kill the endoplasm!
You barely miss the jackal. You block the jackal's attack.
The jackal bites you.
You hit the jackal.
The jackal is moderately wounded.
The jackal bites you but does no damage.
You closely miss the jackal.
The jackal is moderately wounded.
The jackal bites you.
You hit the jackal.
The jackal is almost dead.
You block the jackal's attack. The jackal barely misses you.
You hit the jackal.
You kill the jackal!
You hit the worm.
The worm is moderately wounded.
The worm bites you.
You hit the worm but do no damage.
The worm is moderately wounded.
Okay, then.
You hit the worm but do no damage.
The worm is moderately wounded.
The worm completely misses you.
You hit the worm but do no damage.
The worm is moderately wounded.
You hit the worm.
The worm is heavily wounded.
The worm bites you!
* * * LOW HITPOINT WARNING * * *
It was a potion of flight.
You feel very buoyant.
You fly up into the air.
The worm bites you.
You die...

############ #####.... #
#........ #
##################.####### #
#..................# ##
#.###+#######'###..# .#
#.#..⌠...>...⌠..#..# .##
##.#......<......#..# ..#
##..+⌠....###....⌠'.## #.#
#...#......@......#.#
#.####.#.#######w#######.#
#..).....#.....JJr.....#.#
#........#......B......#.#
#......#.#.............#.#
#......#.###############.#
#......#.................### ###
#......'[..................####..
#......###################.......


You could see a worm, 2 endoplasms, a giant cockroach and a rat.

Vanquished Creatures
  A dart slug (D:1)
  5 endoplasms (D:1)
  2 giant cockroaches (D:1)
  3 goblins (D:1)
  3 hobgoblins (D:1)
  A jackal (D:1)
  4 ball pythons (D:1)
  2 bats (D:1)
  5 kobolds (D:1)
  3 rats (D:1)
29 creatures vanquished.

Notes
Turn   | Place    | Note
-------+----------+-------------------------------------------
     0 | D:1      | IdlyInterested the Demonspawn Fighter began the quest for
                  | the Orb.
     0 | D:1      | Reached XP level 1. HP: 18/18 MP: 1/1
     1 | D:1      | Found a runed translucent door.
   189 | D:1      | Gained mutation: You sometimes gain a little power by
                  | taking damage. [demonic ancestry]
   189 | D:1      | Reached XP level 2. HP: 11/24 MP: 2/2
   835 | D:1      | Found Ofryan's Book Boutique.
   980 | D:1      | Reached XP level 3. HP: 19/29 MP: 3/3
  1001 | D:1      | Slain by a worm

Illustrated notes

Levels and vault maps discovered:
D:1:      dpeg_arrival_caged_fury, layout_basic, serial_shops, shop

Skill      XL: |  1 |
---------------+----+-----
Unarmed Combat | 2 |  2.9
Fighting       | |  3.4
Armour         | |  2.6
Shields        | |  2.6

Action                     || total
---------------------------++-------
  Melee: Unarmed           ||   108
    Use: Potion            ||     1
 Armour: Scale mail        ||    43
  Dodge: Dodged            ||    39
  Block: Buckler           ||    20

Table legend: (Time is in decaauts)
 A = Elapsed time spent in this place.
 B = Non-inter-level travel time spent in this place.
 C = Inter-level travel time spent in this place.
 D = Time resting spent in this place.
 E = Time spent auto-exploring this place.
 F = Levels seen in this place.
 G = Mean time per level.
                   A        B        C        D        E       F      G
               +--------+--------+--------+--------+--------+-----+--------+
         Total |   1001 |    954 |     47 |     69 |    626 |   1 | 1001.0 |
       Dungeon |   1001 |    954 |     47 |     69 |    626 |   1 | 1001.0 |
               +--------+--------+--------+--------+--------+-----+--------+

Top non-repeatable levels by time:
     D:1: 1001 daAuts
